 Dungeon Crawl Stone Soup version 0.14.2 (webtiles) character file.

1646 Amnesiac the Prestidigitator (level 8, -1/37 HPs)
             Began as a Spriggan Artificer on Feb 9, 2018.
             Was an Initiate of Nemelex Xobeh.
             Slain by a giant frog (8 damage)
             ... in a sewer.
             The game lasted 00:18:16 (7919 turns).

Amnesiac the Prestidigitator (Spriggan Artificer)   Turns: 7919, Time: 00:18:16

HP  -1/37        AC  2     Str  9      XL: 8   Next: 42%
MP  25/25        EV 25     Int 13      God: Nemelex Xobeh [......]
Gold 242         SH  0     Dex 17      Spells:  0 memorised,  7 levels left

rFire  . . .     SeeInvis +     k - -1,-3 whip (curse)
rCold  . . .     Clarity  .     e - -1 robe
rNeg   . . .     Conserve .     (shield restricted)
rPois  .         rCorr    .     (helmet restricted)
rElec  .         rRot     .     v - +0 cloak (curse)
SustAb . .       Spirit   .     (gloves unavailable)
rMut   .         Warding  .     (boots unavailable)
Saprov . . .     Stasis   .     (no amulet)
MR     ++...                    (no ring)
                                h - cursed ring of hunger

@: lethally poisoned, very quick, very resistant to hostile enchantments, fairly
stealthy
A: unfitting armour, horns 2, see invisible, herbivore 3, speed 3, magic
resistance 1, slow metabolism 2
a: Renounce Religion


You were in a sewer.
You worshipped Nemelex Xobeh.
Nemelex Xobeh was noncommittal.
You were very hungry.

You visited 2 branches of the dungeon, and saw 9 of its levels.
You also visited: Sewer.

You collected 242 gold pieces.

Inventory:

Hand weapons
 a - a +0,+0 short sword
 j - a +3,+2 short sword of venom
 k - a cursed -1,-3 whip (weapon)
 u - a +0,+0 lajatang
 w - a +2,+2 quarterstaff of chaos
Missiles
 g - 131 darts (quivered)
 z - a throwing net
Armour
 e - a -1 robe (worn)
 v - a cursed +0 cloak (worn)
Magical devices
 b - a wand of flame (0)
 c - a wand of enslavement (5)
 d - a wand of random effects (0)
 l - a wand of slowing (10)
 r - a wand of disintegration (0)
 t - a wand of slowing (13)
 A - a wand of random effects (6)
Scrolls
 f - 2 scrolls of enchant weapon II {!r}
 i - a scroll of enchant armour {!r}
 n - 3 scrolls of identify {!r}
 y - 4 scrolls of blinking {!r}
 D - 2 scrolls of teleportation {!r}
Jewellery
 h - a cursed ring of hunger (left hand)
Potions
 m - 2 potions of curing {!q, unknown}
 o - 2 potions of restore abilities {!q, unknown}
 p - 2 potions of might {!q}
 q - a potion of mutation {!q}
 s - a potion of flight {!q}
Miscellaneous
 x - a plain deck of summonings


   Skills:
 - Level 1.0 Fighting
 - Level 1.1 Short Blades
 + Level 9.2 Dodging
 - Level 1.5 Stealth
 * Level 12.2 Evocations


You had 7 spell levels left.
You didn't know any spells.

Dungeon Overview and Level Annotations

Branches:
Dungeon (8/15)             Temple (1/1) D:4
   Lair: D:8-11

Altars:
Cheibriados
Dithmenos
Elyvilon
Fedhas
Kikubaaqudgha
Makhleb
Nemelex Xobeh
Sif Muna
Trog
Vehumet
Xom
Yredelemnul
The Shining One

Annotations:
D:7 Blork the orc
D:8 Edmund; Rhok's ghost, experienced MiFi


Innate Abilities, Weirdness & Mutations

You are tiny and cannot use many weapons and most armour.
You have supernaturally acute eyesight.
You are a herbivore.
You cover ground extremely quickly.
You need consume almost no food.
You have a pair of horns on your head.
You are resistant to hostile enchantments.


Message History

You are more poisoned.
The giant mite poisons you!
You feel sick. The giant mite barely misses you.
The giant cockroach closely misses you.
The giant cockroach completely misses you.
The giant cockroach closely misses you. What do you say? t - Shout!
Orders for allies: a - Attack new target. p - Attack previous target. r - Retreat! s - Stop attacking. w - Wait here. f - Follow me.
Anything else - Stay silent.
Gang up on whom?
Press: ? - help, Dir - move target cursor, f - giant mite, p - adder
Aim: a giant mite Attack!
You feel sick.
The giant cockroach bites you but does no damage.
The giant cockroach misses you.
The giant gecko splashes around in the water.
You feel sick.
The giant cockroach completely misses you.
The giant mite bites your adder.
You feel a bit more experienced.
Found a gate leading back out of here.
A giant gecko comes into view.
You enter the shallow water.
Moving in this stuff is going to be slow.
The giant mite completely misses your adder.
The giant mite is poisoned.
Your adder poisons the giant mite!
You feel sick. The giant mite bites your adder.
Your adder is poisoned.
The giant mite poisons your adder! The giant gecko completely misses you.
The giant mite dies!
The giant gecko completely misses you.
You feel sick. The giant gecko completely misses you.
You enter the shallow water.
Moving in this stuff is going to be slow.
You feel sick.
The giant gecko is poisoned.
Your adder poisons the giant gecko!
The giant gecko dies!
A giant cockroach and a giant mite come into view.
You feel sick.
The adder looks more healthy.
You enter the shallow water.
Moving in this stuff is going to be slow.
Your adder dies!
The giant mite bites you.
* * * LOW HITPOINT WARNING * * *
Found three items.
A giant newt comes into view.
The giant mite barely misses you.
Found 12 gold pieces.
A ball python and a giant mite come into view.
You feel sick. The giant mite completely misses you.
A giant frog comes into view.
The giant frog croaks.
The giant cockroach bites you.
* * * LOW HITPOINT WARNING * * *
The giant newt misses you.
You see here 7 gold pieces.
You now have 242 gold pieces (gained 7).
The giant newt bites you.
* * * LOW HITPOINT WARNING * * *
The giant frog hits you!
You die...
Your body disappears without a glow.

##.##%≈#≈≈≈##≈≈ ##≈≈≈#≈≈##
#.≈#≈≈≈#≈.##≈≈≈≈≈##≈≈#≈≈≈#
#%≈#≈###%.#≈≈≈≈≈≈≈#.S##≈.#
#≈≈#≈#.≈≈##≈≈≈≈.≈≈##≈≈#≈≈#
#≈.#≈#∩≈≈#≈≈≈≈.≈≈≈≈#%≈#..#
#≈.#.#.≈≈#≈≈s≈..≈≈≈#..#..#
#≈%#≈##.≈#≈≈≈≈..≈.≈#≈%#≈≈#
#≈≈#≈≈#.≈#≈≈≈.F$.≈≈#≈≈#≈≈#
#≈≈#≈≈#≈s#≈sl@S..≈≈#%≈#≈≈#
#.≈%≈≈#S.##≈s≈?.≈≈##l.#.≈#
#≈.≈≈≈#.≈≈ls.≈.≈.≈#≈S##.≈#
#≈≈..≈###≈S≈.≈≈.≈##.≈#≈≈≈#
#######≈###≈.≈≈≈##≈≈≈#..##
#.≈.%.#######≈≈≈##≈≈#
#≈.≈.≈%≈sl≈≈≈≈≈.#.≈≈#
##≈≈##≈≈S≈≈S≈≈≈##l≈##
##..##.≈%≈≈≈≈##.≈≈#


You could see a giant frog, an adder, 2 giant mites, a giant gecko, 2 giant
cockroaches, a ball python and a giant newt.

Vanquished Creatures
  A wyvern (D:8)
  A necrophage (D:5)
  An ice beast (D:4)
  A phantom (D:2)
  An ogre (D:8)
  2 giant frogs (D:6)
  A scorpion (D:4)
  A killer bee (D:2)
  A crimson imp (D:8)
  2 hounds
  2 jellies
  3 orc priests
  Crazy Yiuf (D:4)
  An orc wizard (D:3)
  3 iguanas (D:4)
  3 worker ants (D:4)
  3 gnolls (D:4)
  8 adders
  A giant mite (D:6)
  A worm (D:6)
  8 giant geckos
  An ooze (D:3)
  6 orcs (D:3)
  7 bats
  A bat zombie (D:6)
  2 giant cockroaches
  11 goblins
  11 hobgoblins
  11 jackals
  11 kobolds
  5 quokkas
  7 ball pythons
  11 giant newts
  14 rats
144 creatures vanquished.

Vanquished Creatures (collateral kills)
  An orc wizard (D:4)
  An adder (Sewer)
  A goliath beetle zombie (D:6)
  A green rat (D:6)
  3 giant mites (Sewer)
  An inept feature mimic (D:6)
  4 giant geckos (Sewer)
  An orc (D:4)
  4 ball pythons (Sewer)
  3 giant cockroaches
  3 giant newts (Sewer)
  A rat (D:6)
24 creatures vanquished.

Vanquished Creatures (others)
  A giant frog (D:7)
  An orc wizard (D:6)
  An adder (Sewer)
  3 orcs (D:6)
6 creatures vanquished.

Grand Total: 174 creatures vanquished

Notes
Turn   | Place    | Note
--------------------------------------------------------------
     0 | D:1      | Amnesiac, the Spriggan Artificer, began the quest for the Orb.
     0 | D:1      | Reached XP level 1. HP: 9/9 MP: 2/2
   280 | D:2      | Reached skill level 1 in Fighting
   621 | D:1      | Reached XP level 2. HP: 5/14 MP: 5/5
  1176 | D:2      | Reached skill level 5 in Evocations
  1176 | D:2      | Reached XP level 3. HP: 9/18 MP: 8/8
  1568 | D:2      | Noticed Sigmund
  1569 | D:2      | Noticed Sigmund
  1569 | D:2      | Sigmund changed into Sigmund the killer bee
  1573 | D:2      | Killed Sigmund the killer bee
  1573 | D:2      | Reached skill level 6 in Evocations
  1573 | D:2      | Reached XP level 4. HP: 22/22 MP: 10/12
  1709 | D:2      | Noticed a hound
  1726 | D:2      | Killed a hound
  1726 | D:2      | Reached skill level 5 in Dodging
  1929 | D:2      | Found a burning altar of Makhleb.
  1976 | D:2      | Noticed a phantom
  1991 | D:2      | Killed a phantom
  1991 | D:2      | Reached skill level 7 in Evocations
  1991 | D:2      | Reached XP level 5. HP: 17/25 MP: 14/16
  3131 | D:3      | Noticed an orc wizard
  3554 | D:3      | Killed an orc wizard
  3554 | D:3      | Reached skill level 8 in Evocations
  3554 | D:3      | Reached XP level 6. HP: 26/30 MP: 19/19
  4265 | D:4      | Found a bloodstained altar of Trog.
  4362 | D:4      | Gained mutation: You have a pair of small horns on your head. [potion of beneficial mutation]
  4696 | D:4      | Reached skill level 9 in Evocations
  4869 | D:4      | Noticed Crazy Yiuf
  4870 | D:4      | Killed Crazy Yiuf
  4870 | D:4      | Reached XP level 7. HP: 33/33 MP: 21/21
  5228 | D:4      | Found an ancient bone altar of Kikubaaqudgha.
  5228 | D:4      | Found a shimmering altar of Xom.
  5228 | D:4      | Found a basalt altar of Yredelemnul.
  5520 | D:4      | Reached skill level 10 in Evocations
  5902 | D:4      | Found a staircase to the Ecumenical Temple.
  5911 | Temple   | Entered the Ecumenical Temple
  5978 | Temple   | Became a worshipper of Nemelex Xobeh the Trickster
  6026 | D:4      | Received a gift from Nemelex Xobeh
  6310 | D:5      | Entered Level 5 of the Dungeon
  6603 | D:6      | Found a radiant altar of Vehumet.
  6670 | D:7      | Noticed Blork the orc
  6706 | D:8      | Noticed a wyvern
  6712 | D:8      | Killed a wyvern
  6712 | D:8      | Reached skill level 11 in Evocations
  6712 | D:8      | Reached XP level 8. HP: 28/37 MP: 23/25
  6730 | D:8      | Noticed Rhok's ghost (experienced MiFi)
  6754 | D:8      | Noticed Edmund
  6862 | D:8      | Noticed a four-headed hydra zombie
  7138 | D:6      | Found a glowing drain.
  7271 | D:6      | Reached skill level 12 in Evocations
  7451 | Sewer    | Entered a sewer
  7812 | Sewer    | Gained mutation: You have a pair of horns on your head. [potion of mutation]
  7812 | Sewer    | Gained mutation: You are resistant to hostile enchantments. [potion of mutation]
  7919 | Sewer    | Slain by a giant frog

Action                   |  1- 3 |  4- 6 |  7- 9 || total
-------------------------+-------+-------+-------++-------
Melee: Short sword       |    84 |       |       ||    84
       Whip              |    12 |   259 |   249 ||   520
Evoke: Wand              |    12 |    35 |    37 ||    84
  Use: Potion            |     1 |     1 |     3 ||     5
       Scroll            |     4 |     7 |     4 ||    15
 Stab: Sleeping          |       |       |     2 ||     2
